 Dungeon Sprint DCSS version 0.22.1-1-ga44c0e56f4 (webtiles) character file.

879 MuseOD the Covert (level 7, -15/42 HPs)
             Began as a Spriggan Enchanter on Oct 1, 2018.
             Was a Follower of Dithmenos.
             Killed by drain life
             ... invoked by a soul eater
             ... summoned by a kobold demonologist
              (17 damage)
             ... in the Dungeon (Sprint III: "The Ten Rune Challenge").
             The game lasted 00:02:01 (665 turns).

MuseOD the Covert (Spriggan Enchanter)               Turns: 665, Time: 00:02:02

Health: -15/42     AC:  0    Str:  4    XL:     7   Next: 75%
Magic:  2/12       EV: 18    Int: 21    God:    Dithmenos [*.....]
Gold:   40         SH:  0    Dex: 16    Spells: 5/11 levels left

rFire    . . .     SeeInvis +   a - +1 dagger
rCold    . . .     Gourm    .   (shield restricted)
rNeg     . . .     Faith    .   b - +0 robe
rPois    .         Spirit   .   (helmet restricted)
rElec    .         Reflect  .   (no cloak)
rCorr    .         Harm     .   (gloves unavailable)
MR       +....     Clarity  +   (boots unavailable) Stlth +++++++...NoTele +
                                (no amulet)
HPRegen  0.14/turn              (no ring)
MPRegen  0.13/turn              (no ring)

@: corroded, wreathed by umbra, very quick
A: very small, unfitting armour, icy blue scales 1, see invisible, clarity,
clever 1, herbivore, speed 3, slow metabolism 2, sturdy frame 1
a: Renounce Religion


You were in the Dungeon.
You worshipped Dithmenos.
Dithmenos was aware of your devotion.
You were not hungry.

You visited 1 branch You collected 40 gold pieces.

Inventory:

Hand Weapons
 a - a +1 dagger (weapon)
Armour
 b - a +0 robe (worn)
Scrolls
 c - a scroll of holy word {unknown}
 i - 4 scrolls of identify
 j - a scroll of blinking
 k - a scroll of immolation {unknown}
 l - 2 scrolls of remove curse
Potions
 e - a potion of curing
 f - a potion of heal wounds
 g - 3 potions of haste
 h - 2 potions of magic
 m - a potion of flight {unknown}
 n - 5 potions of mutation
Comestibles
 d - 4 rations


   Skills:
 + Level 7.1 Fighting
 * Level 12.8 Short Blades
 - Level 3.0 Dodging
 + Level 13.4 Stealth
 - Level 2.6 Spellcasting
 - Level 3.6 Hexes


You had 5 spell levels left.
You knew the following spells:

 Your Spells              Type           Power        Failure   Level  Hunger
a - Corona                Hex            ###....      3%          1    None
b - Ensorcelled Hibernat  Hex/Ice        ##....       10%         2    ##.....
c - Confuse               Hex            ###.....     10%         3    ###....

Your spell library contained the following spells:

 Spells                   Type           Power        Failure   Level  Hunger
 Tukima's Dance           Hex            ###.....     10%         3    ###....
 Dazzling Spray           Conj/Hex       ##....       21%         3    ###....


Dungeon Overview and Level Annotations

Branches:
Dungeon (1/1)

Altars:
Dithmenos
Elyvilon
Kikubaaqudgha
Okawaru
Ru
Sif Muna
Trog
Uskayaw
Vehumet
Wu Jian
Yredelemnul
Zin
The Shining One
Beogh


Innate Abilities, Weirdness & Mutations

You are very small and have problems with some larger weapons.
You are too small for most types of armour.
You have supernaturally acute eyesight. (SInv)
You are a herbivore.
You cover ground extremely quickly.
You need to consume almost no food.
You are partially covered in icy blue scales. (AC +2)
You possess an exceptional clarity of mind.
Your mind is acute. (Int +2)
Your movements are slightly less encumbered by armour. (ER -2)


Message History

The kobold demonologist barely misses you.
The soul eater closely misses you. The rust devil hits you!
* * * LOW HITPOINT WARNING * * *
The rust devil corrodes you!
You completely miss the kobold demonologist.
The kobold demonologist is almost dead.
You closely miss the kobold demonologist.
The kobold demonologist is almost dead.
The kobold demonologist barely misses you.
The soul eater closely misses you. The rust devil barely misses you.
You hit the kobold demonologist but do no damage.
The kobold demonologist is almost dead.
The ufetubus misses you. The ufetubus closely misses you. x2
The ufetubus barely misses you.
You hit the kobold demonologist but do no damage.
The kobold demonologist is almost dead.
The kobold demonologist barely misses you.
The ufetubus closely misses you. The ufetubus misses you.
The soul eater draws from the surrounding life force!
You die...

▓▓▓▓▓▓ ▓▓▓ .#...####
##.############
.#......#####..#___#___#__#
##.......#..#..#)..#__.#†_#
.##.##...#..#..###'#'###'##
.##.###..##'#..#..........#
####.##..###...'.⌠........#
##..##..####...#54.######+#
....##..###....#@5.#
#..##...##÷....#K3.#
†.##....#......#5###
.###..##.#.....#.)K# . #..
####....#___# ▓ ▓▓▓
▓▓▓▓▓▓▓▓▓▓


You could see a soul eater, a rust devil, a kobold demonologist, a crimson imp
and 2 ufetubi.

Vanquished Creatures
  A deep elf mage (D)
  A necrophage (D)
  A water elemental (D)
  A wizard (D)
  A necromancer (D)
  3 humans (D)
  A wolf (D)
  4 rats (D)
13 creatures vanquished.

Vanquished Creatures (others)
  2 draconian scorchers (D)
  A yaktaur (D)
  6 hellions (D)
9 creatures vanquished.

Grand Total: 22 creatures vanquished

Notes
Turn   | Place    | Note
-------+----------+-------------------------------------------
     0 | D        | MuseOD the Spriggan Enchanter began the quest for the Orb.
     0 | D        | Reached XP level 1. HP: 9/9 MP: 5/5
    63 | D        | Killed a yaktaur
    88 | D        | Killed a hellion
    89 | D        | Killed a hellion
   125 | D        | Killed a hellion
   127 | D        | Killed a hellion
   143 | D        | Killed a hellion
   144 | D        | Noticed a wolf
   148 | D        | Killed a wolf
   148 | D        | Reached skill level 1 in Fighting
   148 | D        | Reached skill level 5 in Stealth
   148 | D        | Reached XP level 2. HP: 15/15 MP: 6/6
   165 | D        | Reached skill level 6 in Stealth
   165 | D        | Reached XP level 3. HP: 4/18 MP: 8/8
   179 | D        | Killed a white draconian scorcher
   195 | D        | Learned a level 2 spell: Ensorcelled Hibernation
   199 | D        | Learned a level 3 spell: Confuse
   199 | D        | Killed a hellion
   237 | D        | Killed a white draconian scorcher
   333 | D        | Gained mutation: Your movements are slightly less
                  | encumbered by armour. (ER -2) [potion of mutation]
   333 | D        | Gained mutation: Your mind is acute. (Int +2) [potion of
                  | mutation]
   333 | D        | Gained mutation: You are partially covered in icy blue
                  | scales. (AC +2) [potion of mutation]
   333 | D        | Gained mutation: You possess an exceptional clarity of
                  | mind. [potion of mutation]
   403 | D        | Noticed a water elemental
   405 | D        | Killed a water elemental
   405 | D        | Reached skill level 8 in Stealth
   405 | D        | Reached XP level 4. HP: 24/24 MP: 9/9
   413 | D        | Found a basalt altar of Yredelemnul.
   413 | D        | Found a shadowy altar of Dithmenos.
   413 | D        | Found a sacrificial altar of Ru.
   413 | D        | Noticed a necrophage
   424 | D        | Killed a necrophage
   424 | D        | Reached skill level 10 in Stealth
   424 | D        | Reached XP level 5. HP: 30/30 MP: 0/10
   426 | D        | Became a worshipper of Dithmenos the Shadowed
   507 | D        | Found a glowing silver altar of Zin.
   507 | D        | Found a glowing golden altar of the Shining One.
   507 | D        | Found a white marble altar of Elyvilon.
   507 | D        | Noticed a deep elf mage
   510 | D        | Killed a deep elf mage
   510 | D        | Reached skill level 12 in Stealth
   510 | D        | Reached XP level 6. HP: 37/37 MP: 11/11
   510 | D        | Reached XP level 7. HP: 41/41 MP: 12/12
   513 | D        | Found a hide-covered altar of Uskayaw.
   513 | D        | Found a roughly hewn altar of Beogh.
   513 | D        | Found an iron altar of Okawaru.
   513 | D        | Found a bloodstained altar of Trog.
   513 | D        | Found an ornate altar of the Wu Jian Council.
   513 | D        | Noticed a human
   513 | D        | Noticed a human
   521 | D        | Killed a human
   532 | D        | Killed a human
   532 | D        | Reached * piety under Dithmenos
   532 | D        | Reached skill level 13 in Stealth
   608 | D        | Found a radiant altar of Vehumet.
   609 | D        | Found a deep blue altar of Sif Muna.
   609 | D        | Found an ancient bone altar of Kikubaaqudgha.
   654 | D        | Noticed a soul eater
   656 | D        | Noticed a rust devil
   661 | D        | HP: 1/42 [rust devil[a kobold demonologist] (7)]
   665 | D        | Killed from afar by a soul eater

Skill      XL: |  1  2  3  4  5  6  7 |
---------------+----------------------+-----
Short Blades   | 3 4 6 9 11 12 | 12.8
Fighting       | 1 2 3 4 6 7 |  7.1
Stealth        | 5 6 8 10 12 13 | 13.4
Dodging        | |  3.0
Spellcasting   | |  2.6
Hexes          | |  3.6

Action                   |  1- 3 |  4- 6 |  7- 9 || total
-------------------------+-------+-------+-------++-------
Melee: Dagger            |    32 |     7 |    51 ||    90
 Cast: Confuse           |       |     2 |     6 ||     8
       Ensorcelled Hiber |       |       |     1 ||     1
  Use: Potion            |     2 |       |       ||     2
 Stab: Sleeping          |     3 |     2 |     1 ||     6
       Confused          |       |     2 |     3 ||     5
Armor: Robe              |     3 |       |     1 ||     4
Dodge: Dodged            |     6 |     2 |    31 ||    39
